 Dungeon Crawl Stone Soup version 0.29-a0-338-g1ff7896281 (webtiles) character file.

Game seed: 9976285264762719774

374 spaghetti the Sneak (level 6, -2/52 HPs)
             Began as a Naga Summoner on Apr 18, 2022.
             Slain by a white imp (3 damage)
             ... on level 5 of the Dungeon.
             The game lasted 00:09:47 (5744 turns).

spaghetti the Sneak (Naga Summoner)                 Turns: 5744, Time: 00:09:47

Health: -2/52      AC: -1    Str: 10    XL:     6   Next: 72%
Magic:  4/10       EV: 10    Int: 17    God:
Gold:   188        SH:  5    Dex: 12    Spells: 1/11 levels left

rFire   + . .      SeeInvis +   k - +0 lajatang {staff}
rCold   . . .      Faith    .   (shield currently unavailable)
rNeg    . . .      Spirit   .   a - +0 robe
rPois   +          Reflect  +   (no helmet)
rElec   .          Harm     .   C - scarf {repulsion}
rCorr   .          Rampage  .   (no gloves)
Will    .....                   (no barding)
Stlth   +++.......              E - amulet of reflection
HPRegen 0.17/turn               z - ring of wizardry
MPRegen 0.12/turn               r - ring of protection from fire

@: corroded, repel missiles, very slow
A: AC +2, large, see invisible, deformed body, poison resistance, slowness 2,
spit poison 1, naga tail 1
a: Spit Poison


You were on level 5 of the Dungeon.
You visited 1 branch of the dungeon, and saw 5 of its levels.

You collected 188 gold pieces.


Innate Abilities, Weirdness & Mutations

Your serpentine skin is tough. (AC +2)
You have supernaturally acute eyesight. (SInv)
Armour fits poorly on your strangely shaped body.
Your system is resistant to poisons. (rPois)
You cover ground very slowly.
You can spit poison.
You have a snake-like lower body.


   Skills:
 + Level 2.2 Fighting
 + Level 2.0 Staves
 + Level 2.6 Dodging
 + Level 5.1 Stealth
 + Level 3.1 Spellcasting
 + Level 4.8 Summonings
 * Level 1.2 Air Magic


You had one spell level left.
You knew the following spells:

 Your Spells              Type           Power      Damage    Failure   Level
a - Summon Small Mammal   Summ           76%        N/A       1%          1
b - Call Imp              Summ           19%        N/A       1%          2
c - Call Canine Familiar  Summ           19%        N/A       2%          3
d - Summon Lightning Spi  Summ/Air       13%        N/A       19%         4

Your spell library contained the following spells:

 Spells                   Type           Power      Damage    Failure   Level
 Summon Guardian Golem    Hex/Summ       10%        N/A       8%          3
 Ensorcelled Hibernation  Hex/Ice        4%         N/A       11%         2
 Passwall                 Tmut/Erth      1%         N/A       11%         2
 Swiftness                Air            6%         N/A       12%         3

Inventory:

Hand Weapons
 d - a +0 dagger {short}
   (You took it off a goblin on level 1 of the Dungeon)
 f - a +1 vorpal hunting sling {sling}
   (You found it on level 1 of the Dungeon)
 h - a +0 club {mace}
   (You found it on level 1 of the Dungeon)
 k - a +0 lajatang (weapon) {staff}
   (You found it on level 2 of the Dungeon)
 l - a +0 dagger of speed {short}
   (You took it off a goblin on level 2 of the Dungeon)
 n - a +1 flail of protection {mace}
   (You found it on level 2 of the Dungeon)
Missiles
 i - 99 stones (quivered) {throwing}
 p - 14 poisoned darts {throwing}
Armour
 a - a +0 robe (worn)
 o - a +0 tower shield
   (You found it on level 2 of the Dungeon)
 s - a +0 kite shield
   (You found it on level 2 of the Dungeon)
 C - a scarf of repulsion (worn)
   (You found it on level 4 of the Dungeon)
Jewellery
 j - an amulet of the acrobat
   (You found it on level 1 of the Dungeon)
 r - a ring of protection from fire (right hand)
   (You found it on level 2 of the Dungeon)
 z - a ring of wizardry (left hand)
   (You found it on level 3 of the Dungeon)
 E - an amulet of reflection (around neck)
   (You found it on level 4 of the Dungeon)
Wands
 u - a wand of polymorph (12)
   (You found it on level 3 of the Dungeon)
 y - a wand of iceblast (7)
   (You found it on level 3 of the Dungeon)
Scrolls
 e - 6 scrolls of identify {unknown}
 g - 2 scrolls of immolation {unknown}
 q - a scroll of amnesia {unknown}
 t - a scroll of vulnerability {unknown}
 v - a scroll of fog {unknown}
 x - 2 scrolls of fear {unknown}
 A - a scroll of torment {unknown}
 B - 5 scrolls of teleportation {unknown}
Potions
 c - 2 potions of lignification {!q}
 m - a potion of cancellation
 D - a potion of might {unknown}

Dungeon Overview and Level Annotations

Branches:
Dungeon (5/15)
 Temple: D:4-7

Altars:
Dithmenos

Annotations:
D:3 2 transporters

##### ......
###g..###
#####Y5g...?#
#######..h@Dg...o..
#.......###5......#
#)####### ##.......
#.# .....## #.#
.#.#.# #.# .#.# #
#.##### .# #
#...bh# .# #####5#


You could see an acid dragon (ally target), an ice beast (ally target), an orc
wizard (invisible), 3 gnolls, a white imp, a friendly hound (summoned) and a
friendly white imp (summoned).


Message History

Confirm with . or Enter, or press ? or * to list all spells.
Your white imp hits the ice beast.
Your white imp freezes the ice beast.
The ice beast completely resists.
Your quokka barely misses the white imp.
The white imp barely misses you. The acid dragon bites you!
The acid dragon claws you.
The ice beast barely misses you. 😮 HP[-16] MP[-3]
You take 16 damage, and now have 32/52 hp.
MASSIVE DAMAGE!! (PAUSE)
You lost 3 mp, and now have 7/10 mp.
Unknown command.
Casting: Call Canine Familiar (dangerous; 2% risk of failure)
Confirm with . or Enter, or press ? or * to list all spells.
The spell is quite dangerous to miscast (19% risk of failure)!
Continue anyway?
An electric hum fills the air.
Your quokka bites the white imp.
Your white imp closely misses the ice beast.
A gnoll comes into view. It is wielding a +0 flail.
The acid dragon spits acid at you.
The splash of acid is repelled.
The splash of acid hits your lightning spire!!
The acid corrodes your lightning spire!
Your lightning spire is destroyed!
Your lightning spire disappears in a puff of smoke!
You block the ice beast's attack.
You block the white imp's attack. 😮 MP[-4]
You lost 4 mp, and now have 3/10 mp.
Unknown command.
Unknown command.
Unknown command.
Unknown command.
It was a potion of lignification.
You turn into a tree.
Your scarf of repulsion melds into your body.
Your +0 robe melds into your body.
The haze of the repulsion field disappears.
Your roots penetrate the ground.
Your quokka bites the white imp.
Your white imp hits the ice beast.
Your white imp freezes the ice beast.
The ice beast completely resists.
The acid dragon bites you but does no damage.
The acid dragon claws you but does no damage.
The ice beast hits you but does no damage.
The white imp hits you but does no damage. 😮 HP[+17] MP[+1]
You now have 78 max hp (+26).
You regained 17 hp, and now have 49/78 hp.
You closely miss the acid dragon.
Your quokka closely misses the white imp.
Your white imp completely misses the ice beast.
Your quokka bites the white imp.
The acid dragon bites you but does no damage.
The acid dragon claws you but does no damage.
The ice beast hits you. The ice beast freezes you!
* * * LOW HITPOINT WARNING * * *
The white imp hits your quokka. The white imp freezes your quokka.
Your quokka dies!
Your quokka's corpse disappears in a puff of smoke!
The white imp shouts, "Scamper hence, thou pecksniffian miscreant tiddler!" 😨 HP[-11]
You take 11 damage, and now have 38/78 hp.
Unknown command.
Unknown command.
You hit the ice beast.
Your white imp hits the ice beast but does no damage.
The acid dragon bites you.
* * * LOW HITPOINT WARNING * * *
The acid dragon claws you.
* * * LOW HITPOINT WARNING * * *
The ice beast hits you but does no damage.
The gnoll hits your white imp with a +0 club.
The white imp hits you but does no damage.
The orc wizard mumbles some strange words.
The orc wizard flickers and vanishes for a moment.
Your white imp closely misses the ice beast. 😨 HP[-8]
You take 8 damage, and now have 30/78 hp.
It was a potion of cancellation.
Your magical effects are unravelling.
You feel magically purged.
You feel less wooden.
Your scarf of repulsion unmelds from your body.
Your +0 robe unmelds from your body.
You are surrounded by a repulsion field.
The acid dragon bites you!
* * * LOW HITPOINT WARNING * * *
The acid dragon claws you but does no damage.
The white imp hits you.
* * * LOW HITPOINT WARNING * * *
The white imp freezes you.
* * * LOW HITPOINT WARNING * * *
The gnoll hits your white imp with a +0 club.
The ice beast hits you but does no damage.
Your white imp hits the ice beast.
Your white imp freezes the ice beast.
The ice beast completely resists. 😱 HP[-25]
You now have 52 max hp (-26).
It was a potion of curing.
You feel better. The acid dragon spits acid at you.
The splash of acid hits you!
* * * LOW HITPOINT WARNING * * *
The acid corrodes you! The white imp hits you.
You die...

Skill      XL: |  1  2  3  4  5  6 |
---------------+-------------------+-----
Fighting       | 1 2 |  2.2
Dodging        | 2 |  2.6
Stealth        | 4 5 |  5.1
Staves         | 1 2 |  2.0
Spellcasting   | 3 |  3.1
Air Magic      | 1 |  1.2
Summonings     | |  4.8

Action                   |  1- 3 |  4- 6 || total
-------------------------+-------+-------++-------
Melee: Dagger            |    17 |       ||    17
       Lajatang          |    50 |    47 ||    97
 Cast: Summon Small Mamm |    33 |    14 ||    47
       Call Imp          |    14 |    25 ||    39
       Call Canine Famil |     7 |    29 ||    36
       Summon Lightning  |       |     1 ||     1
 Abil: Spit Poison       |     6 |     1 ||     7
  Use: Potion            |       |     4 ||     4
 Stab: Sleeping          |       |     1 ||     1
Armor: Robe              |    11 |    10 ||    21
       Skin              |       |     8 ||     8
Dodge: Dodged            |    36 |    37 ||    73
       Repelled          |       |     2 ||     2
Block: Other             |       |     4 ||     4

Levels and vault maps discovered:
D:1:      moated_graveyard_arrival, layout_basic, shapermc_ecumenical_altar_venn
D:2:      layout_rooms, serial_forest, infiniplex_forest_straight_3,
          infiniplex_forest_clump_small, infiniplex_forest_clump_cross,
          infiniplex_forest_clump_small, infiniplex_forest_straight_3,
          infiniplex_forest_straight_4, infiniplex_forest_lined_2,
          infiniplex_forest_end_2, infiniplex_forest_straight_1,
          infiniplex_forest_corner_1, kennysheep_nub
D:3:      gammafunk_wand_slinger, layout_loops_ring, mainiacjoe_overflow_paths
D:4:      layout_loops_corners, portal_sewer_entry_c
D:5:      layout_loops_ring, nicolae_ru_awakened_eye, minmay_temple_entry_fiery,
          guppyfry_early_orc_mine

Notes
Turn   | Place    | Note
-------+----------+-------------------------------------------
     0 | D:1      | spaghetti the Naga Summoner began the quest for the Orb.
     0 | D:1      | Reached XP level 1. HP: 15/15 MP: 3/3
     0 | D:1      | magus.rc [v1.9.6]
   343 | D:1      | Reached XP level 2. HP: 24/24 MP: 1/5
   397 | D:1      | Learned a level 2 spell: Call Imp
  1201 | D:1      | Found a faded altar of an unknown god.
  1320 | D:1      | Reached XP level 3. HP: 28/30 MP: 1/6
  1329 | D:1      | Reached skill level 1 in Fighting
  1506 | D:1      | Learned a level 3 spell: Call Canine Familiar
  1556 | D:2      | Reached skill level 2 in Dodging
  2330 | D:2      | Reached skill level 4 in Stealth
  2330 | D:2      | Reached XP level 4. HP: 18/38 MP: 7/7
  2785 | D:3      | Found a transporter.
  2896 | D:3      | You pick up a book of Burglary and begin reading...
  2896 | D:3      | You add the spells Passwall, Ensorcelled Hibernation and
                  | Swiftness to your library.
  2927 | D:3      | Found a transporter.
  3096 | D:3      | Noticed a kobold demonologist
  3331 | D:3      | Found a shadowy altar of Dithmenos.
  4041 | D:4      | Reached skill level 1 in Staves
  4052 | D:4      | Reached XP level 5. HP: 39/44 MP: 3/9
  4195 | D:4      | Found a glowing drain.
  4879 | D:4      | Reached XP level 6. HP: 47/52 MP: 2/10
  5077 | D:4      | Learned a level 4 spell: Summon Lightning Spire
  5162 | D:4      | Reached skill level 2 in Fighting
  5162 | D:4      | Reached skill level 3 in Spellcasting
  5439 | D:4      | Noticed a nameless horror
  5442 | D:4      | Killed a nameless horror
  5450 | D:4      | Reached skill level 5 in Stealth
  5546 | D:5      | Entered Level 5 of the Dungeon
  5575 | D:5      | Reached skill level 2 in Staves
  5575 | D:5      | Reached skill level 1 in Air Magic
  5728 | D:5      | Noticed an ice beast
  5729 | D:5      | Noticed an acid dragon
  5743 | D:5      | HP: 11/52 [acid dragon (9)]
  5743 | D:5      | HP: 5/52 [white imp (5)]
  5744 | D:5      | HP: 1/52 [acid dragon/splash of acid (14)]
  5744 | D:5      | Slain by a white imp

Vanquished Creatures
  A nameless horror (D:4)
  A necrophage (D:4)
  A scorpion (D:4)
  A hound (D:4)
  3 adders
  2 dart slugs
  An orc (D:3)
  3 endoplasms
  A giant cockroach (D:4)
  6 goblins
  2 hobgoblins
  3 frilled lizards
  4 rats
  A bush (D:2)
30 creatures vanquished.

Vanquished Creatures (collateral kills)
  An orc priest (D:5)
  An iguana (D:4)
  An orc wizard (D:5)
  3 adders
  A river rat (D:4)
  An orc (D:4)
  An endoplasm (D:1)
  2 giant cockroaches
  10 goblins
  6 hobgoblins
  5 quokkas
  6 ball pythons
  5 bats
  3 frilled lizards
  5 kobolds
  6 rats
57 creatures vanquished.

Vanquished Creatures (others)
  9 plants (D:2)
9 creatures vanquished.

Grand Total: 96 creatures vanquished

Table legend:
 A = Non-vault XP
 B = Vault XP
 C = Vault XP percentage of total XP
 D = Non-vault monster count
 E = Vault monster count
 F = Vault count percentage of total count
                 A         B        C        D         E       F
            +---------+---------+-------+---------+---------+-------
      Total |     515 |      20 |   3.7 |      77 |       8 |   9.4
            +---------+---------+-------+---------+---------+-------
        D:1 |      42 |       0 |   0.0 |      25 |       0 |   0.0
        D:2 |      45 |       0 |   0.0 |      15 |       0 |   0.0
        D:3 |      34 |       0 |   0.0 |      13 |       0 |   0.0
        D:4 |     316 |      20 |   6.0 |      22 |       8 |  26.7
        D:5 |      78 |       0 |   0.0 |       2 |       0 |   0.0
            +---------+---------+-------+---------+---------+-------

Illustrated notes

Table legend:
 A = Kills in this place as a percentage of kills in entire the game.
 B = Kills by you in this place as a percentage of kills by you in the entire game.
 C = Kills by friends in this place as a percentage of kills by friends in the entire game.
 D = Other kills in this place as a percentage of other kills in the entire game.
 E = Experience gained in this place as a percentage of experience gained in the entire game.
 F = Experience gained in this place divided by the number of levels of this place that you have seen.
                   A       B       C       D       E      F
               +-------+-------+-------+-------+-------+----------------------
         Total | 100.0 | 100.0 | 100.0 |   N/A | 100.0 | 107.0
       Dungeon | 100.0 | 100.0 | 100.0 |   N/A | 100.0 | 107.0
               +-------+-------+-------+-------+-------+----------------------

Table legend: (Time is in decaauts)
 A = Elapsed time spent in this place.
 B = Non-inter-level travel time spent in this place.
 C = Inter-level travel time spent in this place.
 D = Time resting spent in this place.
 E = Time spent auto-exploring this place.
 F = Levels seen in this place.
 G = Mean time per level.
                   A        B        C        D        E       F      G
               +--------+--------+--------+--------+--------+-----+--------+
         Total |   6781 |   6623 |    158 |    483 |   5145 |   5 | 1356.2 |
       Dungeon |   6781 |   6623 |    158 |    483 |   5145 |   5 | 1356.2 |
               +--------+--------+--------+--------+--------+-----+--------+

Top non-repeatable levels by time:
     D:4: 2199 daAuts
     D:1: 1754 daAuts
     D:2: 1528 daAuts
     D:3: 1087 daAuts
     D:5: 212 daAuts
